 Dungeon Crawl Stone Soup version 0.29-a0-1023-g6ae1a4a2c7 (webtiles) character file.

Game seed: 13610506546373630291

12175 2tc the Cruncher (level 11, -1/70 (84) HPs)
             Began as a Demonspawn Gladiator on Aug 11, 2022.
             Was a Believer of Kikubaaqudgha.
             Slain by a spectral orc knight
             ... wielding a +0 great sword
             ... summoned by Nergalle
              (2 damage)
             ... on level 10 of the Dungeon.
             The game lasted 00:38:14 (9833 turns).

2tc the Cruncher (Demonspawn Gladiator)             Turns: 9833, Time: 00:38:15

HP:   -1/70 (84)    AC: 24    Str: 20    XL:     11   Next: 59%
MP:   6/11          EV: 13    Int: 16    God:    Kikubaaqudgha [**....]
Gold: 516           SH:  0    Dex: 16    Spells: 2/10 levels left

rFire   . . .      SeeInvis .   t - staff of earth
rCold   . . .      Faith    .   (no shield)
rNeg    . . .      Spirit   .   u - +2 steam dragon scales
rPois   .          Reflect  .   q - +2 helmet {Int+3}
rElec   .          Harm     .   (no cloak)
rCorr   .          Rampage  .   C - +2 pair of gloves
Will    .....                   f - +2 pair of boots
Stlth   +.........              c - amulet of regeneration
HPRegen 1.01/turn               i - +6 ring of strength
MPRegen 0.12/turn               p - +4 ring of protection

@: animating dead (expiring), heavily drained
A: rugged brown scales 3, powered by death 1, demonic magic 1, demonic touch 1
a: Renounce Religion, Unearth Wretches


You were on level 10 of the Dungeon.
You worshipped Kikubaaqudgha.
Kikubaaqudgha was pleased with you.
You visited 2 branches of the dungeon, and saw 11 of its levels.
You also visited: Bailey.

You collected 516 gold pieces.

Inventory:

Hand Weapons
 a - a +1 quarterstaff
Missiles
 d - 2 throwing nets
 e - a javelin
 g - 103 stones (quivered)
 x - 8 poisoned darts
 A - 18 boomerangs
Armour
 f - a +2 pair of boots (worn)
 q - a +2 helmet of intelligence (worn)
 u - +2 steam dragon scales (worn)
 C - a +2 pair of gloves (worn)
 E - a +2 helmet of see invisible
Magical Staves
 t - a staff of earth (weapon)
Jewellery
 b - a ring of protection from cold
 c - an amulet of regeneration (around neck)
 i - a +6 ring of strength (left hand)
 o - a +6 ring of strength
 p - a +4 ring of protection (right hand)
 s - an amulet of faith
 v - a +6 ring of strength
Wands
 y - a wand of flame (11)
Scrolls
 k - 4 scrolls of teleportation
 n - a scroll of fog
 r - 2 scrolls of amnesia
 w - a scroll of fear
 z - a scroll of magic mapping
Potions
 h - 3 potions of curing
 j - a potion of mutation {unknown}
 l - 4 potions of attraction
 m - 4 potions of lignification
 B - a potion of ambrosia {unknown}
 D - a potion of resistance
 G - 3 potions of cancellation
 H - a potion of heal wounds


   Skills:
 * Level 5.0 Fighting
 - Level 14.0 Staves
 - Level 1.7 Throwing
 - Level 3.2 Armour
 - Level 2.6 Dodging
 - Level 4.0 Hexes
 - Level 9.0 Necromancy


You had 2 spell levels left.
You knew the following spells:

 Your Spells              Type           Power      Damage    Failure   Level
a - Animate Dead          Necr           28%        N/A       6%          4
b - Anguish               Hex/Necr       10%        N/A       17%         4

Your spell library contained the following spells:

 Spells                   Type           Power      Damage    Failure   Level
 Necrotise                Necr           100%       1d9       1%          1
 Vampiric Draining        Necr           28%        2d8       1%          3
 Conjure Flame            Conj/Fire      0%         6-21      58%         3
 Ignite Poison            Fire/Tmut/Pois 0%         N/A       58%         3
 Petrify                  Tmut/Erth      0%         N/A       94%         4
 Sticky Flame             Conj/Fire      0%         2d3       94%         4
 Metabolic Englaciation   Hex/Ice        3%         N/A       97%         5
 Statue Form              Tmut/Erth      0%         N/A       100%        6


Dungeon Overview and Level Annotations

Branches:
Dungeon (10/15)            Temple (1/1) D:7            Lair (0/5) D:9
 Bailey (visited)
    Orc: D:9-12

Altars:
Ashenzari
Cheibriados
Dithmenos
Fedhas
Gozag
Hepliaklqana
Kikubaaqudgha
Makhleb
Nemelex Xobeh
Okawaru
Qazlal
Ru
Sif Muna
Trog
Uskayaw
Vehumet
Wu Jian
Xom
Yredelemnul

Shops:
D:8 *

Annotations:
D:3 2 transporters, 2tc's ghost, amateur MfTm
D:10 Nergalle


Innate Abilities, Weirdness & Mutations

You are completely covered in rugged brown scales. (AC +3, +7% HP)
You regenerate a little health from kills.
Spells you cast may paralyse adjacent enemies.
Your touch may inflict minor irresistible damage on your foes.


Message History

The spectral orc warrior hits you but does no damage.
The spectral orc misses you.
The spectral orc hits you but does no damage.
The spectral orc knight hits you but does no damage.
You feel yourself speed up.
The spectral orc warrior completely misses you.
The spectral orc knight hits you but does no damage.
The spectral orc warrior hits you with a +0 flail.
You feel drained.
The spectral orc hits you but does no damage.
The spectral orc warrior attacks as you move away!
The spectral orc warrior barely misses you.
The spectral orc knight attacks as you move away!
The spectral orc knight closely misses you.
Your reaping aura is weakening.
The spectral orc knight hits you with a +0 great sword!
* * * LOW HITPOINT WARNING * * *
You feel drained.
* * * LOW HITPOINT WARNING * * *
The spectral orc warrior attacks as you move away!
The spectral orc warrior misses you. The spectral orc closely misses you.
The spectral orc attacks as you move away!
The spectral orc barely misses you.
The spectral orc attacks as you move away!
The spectral orc barely misses you.
The spectral orc knight attacks as you move away!
The spectral orc knight hits you with a +0 great sword!
* * * LOW HITPOINT WARNING * * *
You feel drained.
* * * LOW HITPOINT WARNING * * *
The spectral orc knight barely misses you.
Your magical contamination has completely faded away.
The spectral orc attacks as you move away!
The spectral orc completely misses you.
The spectral orc knight attacks as you move away!
The spectral orc knight hits you with a +0 great sword.
* * * LOW HITPOINT WARNING * * *
You feel drained.
You die...
Kikubaaqudgha rasps: "You have failed me!
Welcome... death!"

*,* ##o#######
*****,***##........#
####....,.,,#.........#
@oT........,#.........#
####........#.....)...#
*,,,...............#
*,,,......#.ZZ.....#
*,,,.....*#.ZZZ....#
*,,,....,*###@######
****##.*** #.#
*****..,*** #.#
*,,,,.,,,,* #.#
***,,,,,,,,,* #.#
,,+,,<,,,,,,* #.#
***,,,,,,,,,* #.#
*,,,,,,,,,* #.#
*,,,,,,,,,* #.##


You could see 2 spectral orcs, 2 spectral orc warriors and a spectral orc knight
(summoned, fast).

Vanquished Creatures
  2 vault guards (Bailey)
  2 two-headed ogres (D:8)
  Pikel (D:9)
  Maurice (D:10)
  Psyche (D:8)
  A troll (D:10)
  Prince Ribbit (Bailey)
  Sigmund (D:3)
  2 wyverns
  6 humans (Bailey)
  5 steam dragons
  Eustachio (D:6)
  An acid dragon (D:10)
  6 water moccasins
  An orc warrior (D:6)
  2 black bears (D:9)
  5 sky beasts
  3 ice beasts (D:6)
  An ogre (D:5)
  A centaur (D:8)
  A lemure (D:9)
  A kobold brigand (D:6)
  3 phantoms
  15 bullfrogs
  A necrophage (D:4)
  A gnoll sergeant (D:8)
  2 scorpions
  7 wights
  8 killer bees (D:9)
  7 howler monkeys
  A bullfrog zombie (D:7)
  A centaur zombie (D:7)
  A gnoll bouda (D:6)
  6 hounds
  6 orc priests
  2 jellies
  4 iguanas
  6 orc wizards
  7 adders
  14 gnolls
  2 shadow imps
  An ufetubus (D:6)
  3 worms
  3 dart slugs
  30 orcs
  8 ball pythons
  7 bats
  9 endoplasms
  4 giant cockroaches
  12 goblins
  9 hobgoblins
  5 jackals (D:2)
  4 quokkas
  4 frilled lizards
  14 kobolds
  7 rats
260 creatures vanquished.

Vanquished Creatures (collateral kills)
  A yak (D:9)
  2 humans (Bailey)
  A water moccasin (D:9)
  2 bullfrogs (Bailey)
  3 killer bees (D:9)
  2 howler monkeys (D:9)
  An orc (Bailey)
12 creatures vanquished.

Vanquished Creatures (others)
  A wyvern zombie (D:9)
  2 killer bees (D:9)
  5 bullfrog zombies (Bailey)
  5 human zombies
  An acid dragon zombie (D:10)
  A howler monkey zombie (D:9)
  2 gnoll zombies (Bailey)
  2 orc zombies (Bailey)
  47 fungi (D:9)
  59 plants (D:9)
125 creatures vanquished.

Grand Total: 397 creatures vanquished

Notes
Turn   | Place    | Note
-------+----------+-------------------------------------------
     0 | D:1      | 2tc the Demonspawn Gladiator began the quest for the Orb.
     0 | D:1      | Reached XP level 1. HP: 16/16 MP: 1/1
   160 | D:1      | Reached skill level 3 in Staves
   200 | D:1      | Gained mutation: Your touch may inflict minor irresistible
                  | damage on your foes. [demonic ancestry]
   200 | D:1      | Reached XP level 2. HP: 20/22 MP: 2/2
   555 | D:1      | Gained mutation: Spells you cast may paralyse adjacent
                  | enemies. [demonic ancestry]
   555 | D:1      | Reached XP level 3. HP: 25/27 MP: 3/3
   780 | D:2      | Reached skill level 4 in Staves
  1704 | D:2      | Reached XP level 4. HP: 29/33 MP: 4/4
  2005 | D:3      | Found an opulent altar of Gozag.
  2105 | D:3      | Found a transporter.
  2358 | D:3      | Noticed Sigmund
  2382 | D:3      | Killed Sigmund
  2383 | D:3      | Reached skill level 6 in Staves
  2383 | D:3      | Gained mutation: You regenerate a little health from kills.
                  | [demonic ancestry]
  2383 | D:3      | Reached XP level 5. HP: 38/38 MP: 5/5
  2467 | D:3      | Found a transporter.
  2477 | D:3      | Noticed 2tc's ghost (amateur MfTm)
  3448 | D:4      | Gained mutation: You are partially covered in rugged brown
                  | scales. (AC +1, +3% HP) [demonic ancestry]
  3448 | D:4      | Reached XP level 6. HP: 34/45 MP: 6/6
  3683 | D:4      | Reached skill level 7 in Staves
  3967 | D:5      | Entered Level 5 of the Dungeon
  3991 | D:5      | Reached XP level 7. HP: 40/51 MP: 7/7
  4139 | D:5      | HP: 2/51 [orc priest/+0 short sword (4)]
  4263 | D:5      | Reached skill level 8 in Staves
  4892 | D:6      | Reached skill level 9 in Staves
  4892 | D:6      | Reached XP level 8. HP: 57/57 MP: 8/8
  5119 | D:6      | Reached skill level 10 in Staves
  5497 | D:6      | Noticed Eustachio
  5514 | D:6      | Killed Eustachio
  5515 | D:6      | Reached skill level 11 in Staves
  5515 | D:6      | Gained mutation: You are mostly covered in rugged brown
                  | scales. (AC +2, +5% HP) [demonic ancestry]
  5515 | D:6      | Reached XP level 9. HP: 42/64 MP: 9/9
  5817 | D:6      | Reached skill level 12 in Staves
  6154 | D:7      | Found a staircase to the Ecumenical Temple.
  6170 | Temple   | Entered the Ecumenical Temple
  6468 | Temple   | Became a worshipper of Kikubaaqudgha
  6660 | D:7      | Reached skill level 13 in Staves
  6724 | D:7      | Found a basalt altar of Yredelemnul.
  6810 | D:7      | Found a sacrificial altar of Ru.
  7182 | D:8      | Noticed Psyche
  7195 | D:8      | Killed Psyche
  7196 | D:8      | Reached XP level 10. HP: 70/70 MP: 10/10
  7207 | D:8      | Noticed a two-headed ogre
  7253 | D:8      | Killed a two-headed ogre
  7468 | D:8      | Noticed a two-headed ogre
  7487 | D:8      | Killed a two-headed ogre
  7488 | D:8      | Reached skill level 14 in Staves
  8128 | D:8      | Found Unecviam's General Store.
  8246 | D:8      | Reached skill level 5 in Necromancy
  8501 | D:9      | Reached * piety under Kikubaaqudgha
  8501 | D:9      | Received a gift from Kikubaaqudgha
  8507 | D:9      | Learned a level 4 spell: Animate Dead
  8572 | D:9      | Noticed Pikel
  8603 | D:9      | Killed Pikel
  8614 | D:9      | Gained mutation: You are completely covered in rugged brown
                  | scales. (AC +3, +7% HP) [demonic ancestry]
  8614 | D:9      | Reached XP level 11. HP: 62/77 MP: 11/11
  8622 | D:9      | Learned a level 4 spell: Anguish
  8642 | D:9      | Found a staircase to the Lair.
  8737 | D:9      | Found a shimmering blue altar of Sif Muna.
  8743 | D:9      | Found a radiant altar of Vehumet.
  9147 | D:10     | Entered Level 10 of the Dungeon
  9163 | D:10     | Found a flagged portal.
  9209 | Bailey   | Entered a bailey
  9232 | Bailey   | Reached skill level 1 in Hexes
  9287 | Bailey   | Reached ** piety under Kikubaaqudgha
  9359 | Bailey   | Noticed Prince Ribbit
  9383 | Bailey   | Killed Prince Ribbit
  9384 | Bailey   | Reached skill level 1 in Armour
  9419 | Bailey   | Noticed a vault guard
  9423 | Bailey   | Your ally Prince Ribbit died
  9436 | Bailey   | Killed a vault guard
  9468 | Bailey   | Noticed a vault guard
  9529 | Bailey   | Killed a vault guard
  9683 | D:10     | Noticed Maurice
  9694 | D:10     | Noticed Nergalle
  9809 | D:10     | Killed Maurice
  9810 | D:10     | Reached skill level 5 in Fighting
  9823 | D:10     | Your ally Maurice died
  9833 | D:10     | HP: 1/72 [spectral orc knight/+0 great sword[Nergalle] (5)]
  9833 | D:10     | Slain by a spectral orc knight

Illustrated notes

Levels and vault maps discovered:
D:1:      denvon_arrival_waterhouse, layout_rooms
D:2:      layout_loops_ring
D:3:      layout_loops_corners, grunt_gozag_statues, gammafunk_ghost_stat_death,
          kennysheep_nondescript, grunt_ministairs_15, minmay_misc_feat_tiny,
          minmay_misc_feat_pillars, minmay_fractal_squares_gapless_5,
          uniq_sigmund
D:4:      layout_loops_ring, minmay_cupped
D:5:      layout_loops_ring, serial_bayou_crossing
D:6:      layout_basic, chequers_serial_rivers_small_a, dk_noncrumbling_4,
          uniq_eustachio
D:7:      layout_cave_pools, marbit_many_paths, lemuel_zombie_altar_yredelemnul,
          minmay_temple_entry_butterflies, hangedman_misty_isle
D:8:      layout_basic, serial_shops, nicolae_shop_advertising_works
          [nicolae_subvault_shop_adworks], uniq_psyche
D:9:      layout_loops_ring, mainiacjoe_overflow_big_doors,
          due_lair_maze_entry_diamond, uniq_pikel
D:10:     layout_roguey, enter_bailey_5, uniq_nergalle, uniq_maurice
Temple:   minmay_temple_bridge_d

Skill      XL: |  1  2  3  4  5  6  7  8  9 10 11 |
---------------+----------------------------------+-----
Staves         | 3 4 6 7 9 11 13 14 | 14.0
Necromancy     | 8 9 |  9.0
Hexes          | 4 |  4.0
Armour         | 3 |  3.2
Fighting       | 5 |  5.0
Throwing       | |  1.7
Dodging        | |  2.6

Action                   |  1- 3 |  4- 6 |  7- 9 | 10-12 || total
-------------------------+-------+-------+-------+-------++-------
Melee: Quarterstaff      |   101 |   150 |   374 |       ||   625
       Staff             |       |       |    70 |   603 ||   673
       Touch             |       |       |    20 |   128 ||   148
       Punch             |       |       |       |     7 ||     7
Throw: Stone             |       |     2 |       |     4 ||     6
       Javelin           |       |     2 |       |     1 ||     3
       Throwing net      |       |       |     2 |     1 ||     3
       Dart              |       |       |       |     4 ||     4
 Cast: Animate Dead      |       |       |       |     8 ||     8
       Anguish           |       |       |       |     1 ||     1
Evoke: Wand              |       |       |    22 |     2 ||    24
  Use: Scroll            |     6 |     6 |     8 |     5 ||    25
       Potion            |       |     2 |     7 |     5 ||    14
 Stab: Sleeping          |       |     1 |     1 |       ||     2
       Invisible         |       |       |     4 |       ||     4
       Distracted        |       |       |       |     2 ||     2
       Paralysed         |       |       |       |    10 ||    10
Armor: Leather armour    |    25 |    52 |   107 |       ||   184
       Skin              |       |    10 |       |       ||    10
       Steam dragon scal |       |       |   117 |   230 ||   347
Dodge: Dodged            |    61 |    74 |   229 |   276 ||   640

Table legend: (Time is in decaauts)
 A = Elapsed time spent in this place.
 B = Non-inter-level travel time spent in this place.
 C = Inter-level travel time spent in this place.
 D = Time resting spent in this place.
 E = Time spent auto-exploring this place.
 F = Levels seen in this place.
 G = Mean time per level.
                   A        B        C        D        E       F      G
               +--------+--------+--------+--------+--------+-----+--------+
         Total |   9517 |   8993 |    524 |    285 |   6490 |  12 |  793.1 |
       Dungeon |   8792 |   8416 |    376 |    285 |   6156 |  10 |  879.2 |
        Temple |    371 |    223 |    148 |      0 |    212 |   1 |  371.0 |
        Bailey |    353 |    353 |      0 |      0 |    121 |   1 |  353.0 |
               +--------+--------+--------+--------+--------+-----+--------+

Top non-repeatable levels by time:
     D:3: 1335 daAuts
     D:8: 1160 daAuts
     D:2: 1116 daAuts
     D:6: 963 daAuts
     D:5: 875 daAuts
     D:4: 792 daAuts
     D:9: 788 daAuts
     D:7: 784 daAuts
     D:1: 763 daAuts
  Temple: 371 daAuts
  Bailey: 353 daAuts
    D:10: 212 daAuts
